 Dungeon Crawl Stone Soup version 0.30.0-19-g36f170ea60 (webtiles) character file.

Game seed: 1366802145594082409

1374 MacCMillion the Zephyrmancer (level 8, -8/57 HPs)
             Began as a Black Draconian Air Elementalist on May 29, 2023.
             Killed by an exploding Maggie (10 damage)
             ... ignited by their inner flame
             ... on level 6 of the Dungeon.
             The game lasted 00:19:39 (9197 turns).

MacCMillion the Zephyrmancer (DrAE)                 Turns: 9197, Time: 00:19:40

Health: -8/57      AC:  9    Str: 11    XL:     8   Next: 39%
Magic:  1/15       EV: 12    Int: 17    God:
Gold:   107        SH:  0    Dex: 12    Spells: 6/16 levels left

rFire   + . .        v - +2 dagger (speed)
rCold   + + .        (no shield)
rNeg    . . .        (body armour unavailable)
rPois   .            (helmet restricted)
rElec   +            A - scarf {rC+ rF+}
rCorr   .            (no gloves)
SInv    .            r - +2 pair of boots
Will    .....        (no amulet)
Stlth   ++           q - ring of wizardry
HPRegen 0.29/turn    h - ring of protection from cold
MPRegen 0.14/turn

%: wizardry (x1)
@: no status effects
A: breathe lightning, AC +6, unfitting armour, electricity resistance,
cold-blooded
a: Breathe Lightning


You were on level 6 of the Dungeon.
You visited 2 branches of the dungeon, and saw 7 of its levels.

You collected 338 gold pieces.
You spent 231 gold pieces at shops.

Inventory:

Hand Weapons
 g - a +0 spear
 v - a +2 dagger of speed (weapon)
Armour
 r - a +2 pair of boots (worn)
 A - a scarf of resistance (worn)
Magical Staves
 l - a staff of cold
Jewellery
 e - a ring of positive energy
 h - a ring of protection from cold (right hand)
 p - a ring of ice
 q - a ring of wizardry (left hand)
 z - a ring of see invisible
Wands
 s - a wand of mindburst (15)
Scrolls
 b - a scroll of vulnerability {unknown}
 c - a scroll of immolation
 d - 4 scrolls of identify
 j - 2 scrolls of teleportation {unknown}
 k - a scroll of enchant armour {unknown}
 n - 2 scrolls of silence {unknown}
 t - a scroll of blinking {unknown}
 y - a scroll of noise {unknown}
Potions
 a - 2 potions of magic
 f - a potion of lignification {unknown}
 i - a potion of flight
 m - 2 potions of mutation
 o - 4 potions of curing
 u - a potion of brilliance {unknown}
 w - a potion of heal wounds {unknown}
 x - a potion of haste {unknown}


   Skills:
 - Level 1.7 Dodging
 - Level 1.7 Stealth
 + Level 4.9 Spellcasting
 + Level 5.0 Conjurations
 + Level 9.7 Air Magic


You had 6 spell levels left.
You knew the following spells:

 Your Spells              Type           Power      Damage    Failure   Level
a - Shock                 Conj/Air       100%       1d9       1%          1
b - Static Discharge      Conj/Air       58%        2-5/arc   1%          2
c - Swiftness             Air            37%        N/A       1%          3
d - Airstrike             Air            18%        2d(3-19)  1%          4

Your spell library contained the following spells:

 Spells                   Type           Power      Damage    Failure   Level
 Summon Small Mammal      Summ           16%        N/A       6%          1
 Blink                    Tloc           8%         N/A       9%          2
 Call Canine Familiar     Summ           4%         N/A       17%         3
 Inner Flame              Hex/Fire       4%         N/A       17%         3
 Summon Guardian Golem    Hex/Summ       4%         N/A       17%         3
 Flame Wave               Conj/Fire      12%        2d6       21%         4
 Sticky Flame             Conj/Fire      12%        2d4       21%         4
 Manifold Assault         Tloc           4%         N/A       47%         4
 Storm Form               Tmut/Air       10%        N/A       99%         7


Dungeon Overview and Level Annotations

Branches:
Dungeon (6/15)             Temple (1/1) D:5

Altars:
Cheibriados
Dithmenos
Elyvilon
Gozag
Kikubaaqudgha
Makhleb
Nemelex Xobeh
Qazlal
Ru
Sif Muna
Trog
Uskayaw
Xom
Yredelemnul
Zin
The Shining One

Shops:
D:5 *

Annotations:
D:2 Natasha
D:4 3 runed translucent doors, exclusion: scorpion, laial's ghost, amateur VSMo
D:6 3 runed translucent doors, exclusion: killer bee, Dowan; Duvessa; Zlot's ghost, novice DsBr


Innate Abilities, Weirdness & Mutations

You can breathe wild blasts of lightning.
Your glossy black scales are hard. (AC +6)
You cannot fit into any form of body armour.
You are resistant to electric shocks. (rElec)
You are cold-blooded and may be slowed by cold attacks.


Message History

Maggie barely misses you.
Casting: Static Discharge (safe; 1% risk of failure)
Confirm with . or Enter, or press ? or * to list all spells.
Maggie is struck by an arc of lightning.
Maggie is almost dead.
You resist.
You are struck by an arc of lightning.
Maggie barely misses you.
You hit Maggie but do no damage. You tail-slap Maggie, but do no damage.
Maggie is almost dead.
Maggie hits you with a +2 long sword of flaming.
You barely miss Maggie.
Maggie is almost dead.
You closely miss Maggie.
Maggie is almost dead.
You break out of your daze.
Maggie hits you with a +2 long sword of flaming!
* * * LOW HITPOINT WARNING * * *
Maggie burns you.
* * * LOW HITPOINT WARNING * * *
You completely miss Maggie. You tail-slap Maggie, but do no damage.
Maggie is almost dead.
Maggie hits you with a +2 long sword of flaming!
* * * LOW HITPOINT WARNING * * *
Maggie burns you.
* * * LOW HITPOINT WARNING * * *
It was a potion of curing.
You feel better. Maggie closely misses you.
As you read the scroll labelled PAUREF NIBIRU, it crumbles to dust.
The creatures around you are filled with an inner flame!
It was a scroll of immolation.
Maggie hits you with a +2 long sword of flaming!
* * * LOW HITPOINT WARNING * * *
Maggie burns you.
* * * LOW HITPOINT WARNING * * *
You closely miss Maggie. You tail-slap Maggie, but do no damage.
Maggie is almost dead.
You hit Maggie.
Flame seeps out of Maggie.
Your tail-slap misses Maggie.
Maggie is almost dead.
Maggie is engulfed in blazing flames.
Maggie explodes!
The fiery explosion engulfs you! You resist.
You die...

.......# .......#
.......# .......#
#......#############
#..............#...##
#..............#.§..#
#..............#○§..#
#.....#........§@§..+
#....###.......#....#
#...##.##......######
#..##.#.##.....#
#.##.#.#.##....#
###.#.#.#.##.>.#
##.#.###.#.##..#
#.#.##.##.#.##.
.#.##.#.##.#.##


There were no monsters in sight!

Vanquished Creatures
  Maggie (D:6)
  An ice beast (D:6)
  2 black bears
  An ogre (D:4)
  A kobold brigand (D:6)
  A bullfrog (D:6)
  2 scorpions
  5 hounds
  2 jellies
  3 orc priests (D:4)
  A sleepcap (D:6)
  5 iguanas
  3 orc wizards
  9 gnolls
  7 adders
  2 white imps
  A worm (D:2)
  13 orcs
  3 ball pythons (D:2)
  3 bats
  4 endoplasms
  6 giant cockroaches
  3 hobgoblins
  7 jackals
  7 quokkas
  8 frilled lizards
  8 goblins
  11 kobolds
  2 rats (D:2)
122 creatures vanquished.

Notes
Turn   | Place    | Note
-------+----------+-------------------------------------------
     0 | D:1      | MacCMillion the Draconian Air Elementalist began the quest
                  | for the Orb.
     0 | D:1      | Reached XP level 1. HP: 14/14 MP: 3/3
   408 | D:1      | Reached XP level 2. HP: 20/20 MP: 0/5
   626 | D:1      | Learned a level 2 spell: Static Discharge
   972 | D:1      | Reached XP level 3. HP: 24/26 MP: 1/6
  2505 | D:2      | Found a faded altar of an unknown god.
  2515 | D:2      | Noticed Natasha
  3950 | D:3      | Reached XP level 4. HP: 28/33 MP: 4/8
  4336 | D:4      | Noticed a scorpion
  4655 | D:4      | Reached skill level 4 in Air Magic
  4777 | D:4      | Reached XP level 5. HP: 31/38 MP: 3/9
  5350 | D:4      | Reached XP level 6. HP: 10/45 MP: 0/11
  5685 | D:4      | Found a runed translucent gate.
  5685 | D:4      | Found a runed translucent gate.
  5685 | D:4      | Found a runed translucent gate.
  5686 | D:4      | Noticed laial's ghost (amateur VSMo)
  5858 | D:4      | Reached skill level 5 in Air Magic
  6216 | D:5      | Entered Level 5 of the Dungeon
  6217 | D:5      | Found Osuval's Assorted Antiques.
  6224 | D:5      | Your scales start taking on a glossy black colour.
  6224 | D:5      | Reached skill level 7 in Air Magic
  6224 | D:5      | Reached XP level 7. HP: 29/50 MP: 0/13
  6224 | D:5      | Gained mutation: You are resistant to electric shocks.
                  | (rElec) [Black Draconian growth]
  6324 | D:5      | Learned a level 4 spell: Airstrike
  6328 | D:5      | Learned a level 3 spell: Swiftness
  6503 | D:5      | Found a staircase to the Ecumenical Temple.
  6559 | Temple   | Entered the Ecumenical Temple
  7074 | D:5      | Reached skill level 8 in Air Magic
  7170 | D:5      | Bought a lumpy golden potion for 22 gold pieces
  7170 | D:5      | Bought a pair of runed boots for 187 gold pieces
  7170 | D:5      | Bought an amethyst potion for 22 gold pieces
  8025 | D:6      | Reached skill level 9 in Air Magic
  8318 | D:6      | Reached XP level 8. HP: 45/57 MP: 7/14
  8424 | D:6      | Found a runed translucent gate.
  8424 | D:6      | Found a runed translucent gate.
  8424 | D:6      | Noticed Zlot's ghost (novice DsBr)
  8435 | D:6      | Found a runed translucent gate.
  8435 | D:6      | Noticed a cyclops
  8542 | D:6      | Noticed Duvessa
  8543 | D:6      | Noticed Dowan
  8812 | D:6      | Reached skill level 5 in Conjurations
  9170 | D:6      | Noticed Maggie
  9193 | D:6      | HP: 1/57 [Maggie/+2 long sword of flaming (2)]
  9197 | D:6      | Killed Maggie
  9197 | D:6      | Killed by an exploding Maggie... ignited by their inner
                  | flame

Illustrated notes

Levels and vault maps discovered:
D:1:      dpeg_arrival_arbitrary_c, layout_loops_ring,
          minmay_misc_feat_ornament, dreamdust_mushroom_princess,
          minmay_lizard_pond
D:2:      layout_basic, shapermc_ecumenical_altar_ellora,
          guppyfry_early_lair_pool, uniq_natasha
D:3:      layout_loops_ring, hangedman_feature_mirror
D:4:      layout_basic, gammafunk_ghost_necromancy
D:5:      layout_loops_ring, minmay_temple_entry_sparse_star, serial_shops,
          nicolae_shop_just_a_little_nook, hangedman_abyss_or_decor_passed
D:6:      minmay_inner_zag, layout_gridville, kennysheep_mini_moat,
          gammafunk_ghost_split, grunt_decor_fettered, st_stairs_5,
          uniq_duvessa, uniq_maggie
Temple:   compressed_dpeg_triangle_lava_temple

Skill      XL: |  1  2  3  4  5  6  7  8 |
---------------+-------------------------+-----
Conjurations   | 2 3 4 5 |  5.0
Spellcasting   | 3 4 |  4.9
Air Magic      | 4 7 9 |  9.7
Dodging        | |  1.7
Stealth        | |  1.7

Action                     |  1- 3 |  4- 6 |  7- 9 || total
---------------------------+-------+-------+-------++-------
  Melee: Unarmed           |     8 |       |       ||     8
         Tailslap          |     2 |     2 |     5 ||     9
         Short sword       |       |    13 |       ||    13
         Dagger            |       |       |    18 ||    18
   Cast: Shock             |   111 |    71 |    58 ||   240
         Static Discharge  |     6 |    27 |    44 ||    77
    Use: Scroll            |       |       |     4 ||     4
         Potion            |       |       |     2 ||     2
 Armour: Skin              |     9 |    14 |    27 ||    50
  Dodge: Dodged            |    24 |    24 |    54 ||   102
